 Dungeon Crawl Stone Soup version 0.23-a0-702-gd214142 (webtiles) character file.

35 zishaf the Sneak (level 3, 0/22 HPs)
             Began as a Kobold Assassin on Jan 13, 2019.
             Succumbed to an adder's poison
             ... on level 2 of the Dungeon.
             The game lasted 00:01:40 (881 turns).

zishaf the Sneak (Kobold Assassin)                   Turns: 881, Time: 00:01:40

Health: 0/22       AC:  5    Str: 11    XL:     3   Next: 52%
Magic:  3/3        EV: 14    Int: 12    God:
Gold:   50         SH:  0    Dex: 16    Spells: 2/2 levels left

rFire    + . .     SeeInvis .   a - +2 dagger
rCold    + . .     Gourm    .   (shield restricted)
rNeg     . . .     Faith    .   n - +0 ring mail
rPois    .         Spirit   .   (no helmet)
rElec    .         Reflect  .   l - scarf {rC+ rF+}
rCorr    .         Harm     .   (no gloves)
MR       .....                  (no boots)
Stlth    +++.......             (no amulet)
HPRegen  0.07/turn              k - +2 ring of strength
MPRegen  0.08/turn              p - +1 ring of evasion

@: lethally poisoned (0 -> -16)
A: small, carnivore
a: no special abilities


You were on level 2 of the Dungeon.
You were completely stuffed.

You visited 1 branch of the dungeon, and saw 2 of its levels.

You collected 50 gold pieces.

Inventory:

Hand Weapons
 a - a +2 dagger (weapon)
 b - a +0 blowgun
Missiles
 e - 8 poisoned needles
 f - 2 curare-tipped needles
 q - 35 stones (quivered)
Armour
 c - a +0 robe
 d - a +0 cloak
 l - a scarf of resistance (worn)
 n - a +0 ring mail (worn)
Jewellery
 k - a +2 ring of strength (left hand)
 p - a +1 ring of evasion (right hand)
Scrolls
 j - 2 scrolls of teleportation {unknown}
Potions
 h - 2 potions of flight {unknown}
 i - a potion of ambrosia {unknown}
 o - 2 potions of curing {unknown}
Comestibles
 g - 3 rations


   Skills:
 + Level 2.7 Fighting
 + Level 3.3 Short Blades
 - Level 2.1 Throwing
 + Level 2.1 Dodging
 + Level 5.8 Stealth


You had 2 spell levels left.
You didn't know any spells.
Your spell library was empty.

Dungeon Overview and Level Annotations

Branches:
Dungeon (2/15)

Altars:


Innate Abilities, Weirdness & Mutations

You are small and have problems with some larger weapons.
You are carnivorous and can eat meat at any time.


Message History

You are more poisoned.
The adder poisons you!
You completely miss the adder.
The adder is heavily wounded.
* * * LOW HITPOINT WARNING * * *
You feel sick. The adder bites you.
* * * LOW HITPOINT WARNING * * *
You are more poisoned.
The adder poisons you!
You closely miss the adder.
The adder is heavily wounded.
* * * LOW HITPOINT WARNING * * *
You feel sick. The adder completely misses you.
You closely miss the adder.
The adder is heavily wounded.
* * * LOW HITPOINT WARNING * * *
You feel sick. The adder closely misses you.
You hit the adder.
The adder is heavily wounded.
You die...

.........>....#
+#####..).....#
#........#
#........#
#.#....###
#.#)########
#.#.#......#
#.#S#.####.#
#@#.#<.#.#
#.#....#.#
#.######.#
#........#
##########


You could see an adder.

Vanquished Creatures
  An adder (D:2)
  A dart slug (D:1)
  A leopard gecko (D:1)
  2 giant cockroaches (D:1)
  A goblin (D:1)
  5 jackals
  A quokka (D:2)
  4 bats (D:1)
  2 frilled lizards (D:2)
  2 kobolds (D:2)
  A rat (D:1)
21 creatures vanquished.

Notes
Turn   | Place    | Note
-------+----------+-------------------------------------------
     0 | D:1      | zishaf the Kobold Assassin began the quest for the Orb.
     0 | D:1      | Reached XP level 1. HP: 12/12 MP: 1/1
   122 | D:1      | Reached XP level 2. HP: 18/18 MP: 2/2
   625 | D:2      | Reached XP level 3. HP: 18/22 MP: 3/3
   880 | D:2      | HP: 1/22 [poisoned by an adder]
   881 | D:2      | Succumbed to an adder's poison

Vault maps used:
D:1:      dpeg_arrival_tiny_b, minmay_misc_feat_rugged
D:2:      old_standard_altar, first_ration, kennysheep_okawaru_gauntlet

Skill      XL: |  1  2  3 |
---------------+----------+-----
Short Blades   | 3 |  3.3
Dodging        | 2 |  2.1
Fighting       | |  2.7
Throwing       | |  2.1
Stealth        | |  5.8

Action                   || total
-------------------------++-------
Melee: Dagger            ||    94
Throw: Stone             ||     3
 Stab: Sleeping          ||     2
  Eat: Chunk             ||     8
Armor: Robe              ||     6
       Ring mail         ||    13
Dodge: Dodged            ||    71

Table legend:
 A = Non-vault XP
 B = Vault XP
 C = Vault XP percentage of total XP
 D = Non-vault monster count
 E = Vault monster count
 F = Vault count percentage of total count
                 A         B        C        D         E       F
            +---------+---------+-------+---------+---------+-------
      Total |      50 |       0 |   0.0 |      21 |       0 |   0.0
            +---------+---------+-------+---------+---------+-------
        D:1 |      24 |       0 |   0.0 |      12 |       0 |   0.0
        D:2 |      26 |       0 |   0.0 |       9 |       0 |   0.0
            +---------+---------+-------+---------+---------+-------
